[Event "Titled Tuesday Blitz November 15 Early 2022"]
[White "Kopacz, Grzegorz"]
[Black "Calcada, Lucas Galvan"]
[WhiteFideId "1109880"]
[BlackFideId "22746099"]
[WhiteElo "2037"]
[BlackElo "1523"]
[Result "0-1"]
[Round "09"]
[TimeControl "180+1"]
[Date "2022.11.16"]
[WhiteClock "0:00:05"]
[BlackClock "0:00:13"]

1. d4 Nf6 2. c4 g6 3. Nc3 Bg7 4. e4 d6 5. Nf3 O-O 6. Be2 e5 7. Be3 Nc6 8. d5 Ne7 9. O-O Nd7 10. Ne1 f5 11. f3 f4 12. Bf2 g5 13. b4 Ng6 14. c5 a6 15. Nd3 Nf6 16. cxd6 cxd6 17. b5 Rf7 18. bxa6 bxa6 19. Qb3 Bf8 20. Qb6 Qe8 21. Nb4 g4 22. Nc6 g3 23. hxg3 fxg3 24. Bxg3 Nh5 25. Bh2 Ngf4 26. Qd8 Qxd8 27. Nxd8 Rg7 28. g4 Bxg4 29. fxg4 Nxe2+ 30. Nxe2 Rxg4+ 31. Kf2 Rxd8 32. Rg1 Rg6 33. Rxg6+ hxg6 34. Rb1 Bh6 35. Rb6 Nf6 36. Ng3 Bf4 37. Rxa6 Bxg3+ 38. Kxg3 Nxe4+ 39. Kg4 Nc3 40. a4 Nxd5 41. a5 Ne7 42. Ra7 Kf7 43. Bg3 Ke6 44. Bh4 Nc6 45. Rc7 Ra8 46. Rxc6 Rxa5 47. Rc8 Ra4+ 48. Kg3 d5 49. Bd8 Kf5 50. Bb6 Ra3+ 51. Kf2 d4 52. Rf8+ Ke4 53. Bc5 Rc3 54. Bb4 Rb3 55. Bd2 Rb2 56. Ke1 Kd3 57. Bc1 Rh2 58. Rf3+ Ke4 59. Rg3 Kf5 60. Rg5+ Kf6 61. Rg1 e4 62. Bg5+ Kf5 63. Bd8 e3 64. Rg5+ Ke4 65. Bc7 Rh1+ 66. Ke2 d3# 0-1


[Site "https://www.chess.com"]

[Event "Titled Tuesday Blitz November 15 Early 2022"]
[White "Kopczynski, Michal"]
[Black "Hoffmann, Asa"]
[WhiteFideId "1124200"]
[BlackFideId "2001470"]
[WhiteElo "2235"]
[BlackElo "2117"]
[Result "1-0"]
[Round "09"]
[TimeControl "180+1"]
[Date "2022.11.16"]
[WhiteClock "0:01:02"]
[BlackClock "0:00:50"]

1. e4 d6 2. d4 Nf6 3. Nc3 c6 4. Bg5 Nbd7 5. Qd2 e5 6. dxe5 dxe5 7. O-O-O Bb4 8. a3 Bc5 9. f4 Qb6 10. fxe5 Nxe5 11. Na4 Bxg1 12. Nxb6 Bxb6 13. Bxf6 gxf6 14. Qd6 Be6 15. Be2 Rd8 16. Qb4 Rd7 17. Rxd7 Nxd7 18. Rd1 Ne5 19. Qd6 Nd7 20. Bc4 Bxc4 21. Qxd7+ Kf8 22. Qxb7 Be6 23. Rd6 Bc5 24. Rd8+ Kg7 25. Rxh8 Kxh8 26. Qxc6 Be3+ 27. Kb1 Kg7 28. b4 Bf4 29. g3 Be5 30. a4 Bg4 31. b5 Bd4 32. a5 Bf3 33. b6 axb6 34. axb6 f5 35. b7 Bxe4 36. Qxe4 fxe4 37. b8=Q e3 38. Kc1 Be5 39. Qxe5+ 1-0


[Site "https://www.chess.com"]

[Event "Titled Tuesday Blitz November 15 Early 2022"]
[White "Kopylov, Alexander A."]
[Black "Taboas Rodriguez, Daniel"]
[WhiteFideId "4164857"]
[BlackFideId "2208466"]
[WhiteElo "2436"]
[BlackElo "2329"]
[Result "0-1"]
[Round "09"]
[TimeControl "180+1"]
[Date "2022.11.16"]
[WhiteClock "0:00:08"]
[BlackClock "0:00:16"]

1. e4 e5 2. Nf3 Nc6 3. Bc4 Nf6 4. d3 Bc5 5. Be3 Bxe3 6. fxe3 d5 7. exd5 Nxd5 8. Qe2 O-O 9. Nbd2 Nb6 10. Bb3 Qe7 11. O-O Na5 12. Qe1 Nxb3 13. axb3 Bg4 14. Qg3 Bxf3 15. Nxf3 e4 16. Nd4 exd3 17. Nf5 Qf6 18. cxd3 Nd5 19. Ra5 c6 20. e4 Ne7 21. Qd6 Qxd6 22. Nxd6 b6 23. Ra6 c5 24. b4 cxb4 25. d4 f5 26. e5 Nc6 27. Nxf5 g6 28. Nd6 Nxd4 29. Rd1 Nc6 30. Re1 Rad8 31. h3 Nxe5 32. Rxe5 Rxd6 33. Rxa7 Rf7 34. Ra8+ Kg7 35. Rb5 Rf4 36. Ra7+ Kh6 37. Kh2 Rd2 38. Rxb6 Rff2 39. Rbb7 Rxg2+ 40. Kh1 Rh2+ 41. Kg1 Rdg2+ 42. Kf1 Rxb2 43. Rxh7+ Kg5 44. Ra5+ Kf4 45. Kg1 Ke4 46. Re7+ Kd4 47. Ra1 Rbg2+ 48. Kf1 Rd2 49. Rd7+ Kc3 50. Rc7+ Kb2 0-1


[Site "https://www.chess.com"]

[Event "Titled Tuesday Blitz November 15 Early 2022"]
[White "Korchmar, Vasiliy"]
[Black "Przybylski, Wojciech"]
[WhiteFideId "24131750"]
[BlackFideId "1117599"]
[WhiteElo "2370"]
[BlackElo "2221"]
[Result "1-0"]
[Round "09"]
[TimeControl "180+1"]
[Date "2022.11.16"]
[WhiteClock "0:00:10"]
[BlackClock "0:00:04"]

1. e4 e5 2. Nf3 Nc6 3. Bc4 Nf6 4. d3 Be7 5. Nc3 O-O 6. a4 a6 7. O-O d6 8. Re1 Be6 9. Nd5 Nb8 10. d4 Nbd7 11. h3 c6 12. Nxe7+ Qxe7 13. Bf1 exd4 14. Nxd4 Rfe8 15. Bg5 h6 16. Bh4 g5 17. Bg3 Ne5 18. f4 gxf4 19. Bxf4 Kh7 20. Kh1 Rg8 21. Qd2 Qf8 22. Rad1 Rd8 23. Qc3 Qe7 24. Nf5 Bxf5 25. exf5 Rde8 26. Rxd6 Qxd6 27. Bxe5 Qe7 28. Bd3 Rg5 29. Re2 Nd5 30. f6+ Kg8 31. Bh7+ Kxh7 32. Qd3+ Kg8 33. fxe7 Rxe7 34. Bd6 Rd7 35. Re8+ Kg7 36. Qd4+ f6 37. Bf4 Rg6 38. Bd2 Kf7 39. Rb8 Rg5 40. Bxg5 hxg5 41. Qe4 Re7 42. Qh7+ Ke6 43. Qg8+ Kd6 44. Rd8+ Kc7 45. Re8 Rd7 46. Re1 Nf4 47. Qh8 Nd5 48. Qh5 Nf4 49. Qf3 Rd6 50. Rf1 Ng6 51. Qg3 Ne5 52. Qf2 Ng6 53. Qf5 Nh4 54. Qh7+ Kb6 55. Qe4 Rd5 56. Qb4+ Kc7 57. Qc3 f5 58. Qg7+ Kb6 59. Qxg5 Rd4 60. c3 Re4 61. b3 a5 62. b4 axb4 63. cxb4 Rxb4 64. a5+ Ka6 65. Rxf5 Nxf5 66. Qxf5 Rb1+ 67. Kh2 Rb5 68. Qf1 Kxa5 69. h4 c5 70. Qa1+ Kb6 71. h5 c4 72. Qf6+ Ka5 73. Qc3+ Kb6 74. Qxc4 Rxh5+ 75. Kg1 Rc5 76. Qd4 Kc6 77. g4 b5 78. Qf6+ Kd5 79. g5 b4 80. g6 b3 81. g7 Rc1+ 82. Kf2 Rc2+ 83. Ke3 Rg2 84. Qf3+ Kc4 85. Qxg2 b2 86. g8=Q+ Kc3 87. Qc8+ Kb3 88. Qgc2+ Ka3 89. Qa6+ Kb4 90. Qb6+ Ka3 91. Qcb3# 1-0


[Site "https://www.chess.com"]

[Event "Titled Tuesday Blitz November 15 Early 2022"]
[White "Kosteniuk, Alexandra"]
[Black "Makridis, Dimitrios"]
[WhiteFideId "4128125"]
[BlackFideId "25864475"]
[WhiteElo "2469"]
[BlackElo "2272"]
[Result "1-0"]
[Round "09"]
[TimeControl "180+1"]
[Date "2022.11.16"]
[WhiteClock "0:00:06"]
[BlackClock "0:00:10"]

1. e4 c5 2. c3 Nf6 3. e5 Nd5 4. Bc4 e6 5. d4 cxd4 6. cxd4 d6 7. Nf3 Nc6 8. O-O Be7 9. Qe2 O-O 10. Rd1 Na5 11. Bd3 Nb4 12. Nc3 Nxd3 13. Rxd3 b6 14. b4 Nc6 15. b5 Nb4 16. Re3 Bb7 17. Ne4 dxe5 18. dxe5 Rc8 19. Rb3 Nc2 20. Rd3 Nxa1 21. Rxd8 Rfxd8 22. Bd2 Nc2 23. h4 Nd4 24. Nxd4 Rxd4 25. Ng5 Rc2 26. Qh5 Bxg5 27. Bxg5 h6 28. Be3 Re4 29. Qd1 Rxa2 30. Qd8+ Kh7 31. Qd3 Ra1+ 32. Kh2 Re1 33. Bd2 Rd1 34. f3 Rxd2 35. Qxd2 Rxh4+ 36. Kg3 Rh5 37. Qd7 Bd5 38. Qxf7 Rg5+ 39. Kf2 Rxe5 40. Qxa7 Bc4 41. Qxb6 Bxb5 42. Qd4 Rg5 43. Qe4+ Rg6 44. Qe5 Bc4 45. g4 Bd5 46. Kg3 Rf6 47. f4 Kg8 48. Qb8+ Kh7 49. Qb1+ Kg8 50. Qb8+ Rf8 51. Qe5 Rf7 52. f5 Rf6 53. Qd6 Kh7 54. Qe5 Kg8 55. Qb8+ Kh7 56. Qd8 Bc4 57. Qd4 Bd5 58. Qd3 Kh8 59. Qd4 h5 60. gxh5 Rxf5 61. h6 Rg5+ 62. Kh4 Rg6 63. hxg7+ Rxg7 64. Qf6 Kg8 65. Kh5 Rh7+ 66. Kg5 Rg7+ 67. Kh5 Rf7 68. Qd8+ Kg7 69. Kg5 Rf5+ 70. Kh4 Kg6 71. Qg8+ Kf6 72. Qh8+ Ke7 73. Qb8 Kf6 74. Qh8+ Ke7 75. Qb8 Rf7 76. Qc7+ Kf8 77. Qd8+ Kg7 78. Qg5+ Kh8 79. Qd8+ Kh7 80. Kg4 Be4 81. Kg5 Rf5+ 82. Kg4 Bf3+ 83. Kg3 Bd5 84. Qe7+ Kh6 85. Qe8 1-0


[Site "https://www.chess.com"]

[Event "Titled Tuesday Blitz November 15 Early 2022"]
[White "Kovalev, Vladislav"]
[Black "Yaran, Siar"]
[WhiteFideId "13504398"]
[BlackFideId "6323006"]
[WhiteElo "2556"]
[BlackElo "2191"]
[Result "1-0"]
[Round "09"]
[TimeControl "180+1"]
[Date "2022.11.15"]
[WhiteClock "0:00:07"]
[BlackClock "0:00:03"]

1. e4 e5 2. Nf3 Nc6 3. Bb5 a6 4. Ba4 Nf6 5. O-O Be7 6. d3 b5 7. Bb3 O-O 8. Nc3 d6 9. a3 h6 10. Nd5 Re8 11. Be3 Bf8 12. Nxf6+ Qxf6 13. Bd5 Bd7 14. Nd2 Rab8 15. f4 Re7 16. c3 exf4 17. Rxf4 Qg6 18. d4 Nd8 19. Qf3 Be6 20. Bxe6 Nxe6 21. Rg4 Qh7 22. Rf1 Rbe8 23. h4 h5 24. Rg3 c6 25. Qf2 Kh8 26. Rf3 f6 27. Rf5 Rf7 28. Qf3 g6 29. Rxf6 Rxf6 30. Qxf6+ Qg7 31. Qf7 Re7 32. Qf2 Kg8 33. g3 d5 34. exd5 cxd5 35. Nf3 Rf7 36. Qg2 Bd6 37. Re1 Qf6 38. Rf1 Qd8 39. Ng5 Rxf1+ 40. Kxf1 1-0


[Site "https://www.chess.com"]

[Event "Titled Tuesday Blitz November 15 Early 2022"]
[White "Lehtosaari, Mauri"]
[Black "Rios Escobar, Adan"]
[WhiteFideId "501999"]
[BlackFideId "3403645"]
[WhiteElo "2483"]
[BlackElo "2344"]
[Result "1-0"]
[Round "09"]
[TimeControl "180+1"]
[Date "2022.11.16"]
[WhiteClock "0:00:14"]
[BlackClock "0:00:01"]

1. d4 Nf6 2. Nf3 g6 3. Bg5 Bg7 4. e3 c5 5. c3 O-O 6. Nbd2 d5 7. dxc5 h6 8. Bxf6 Bxf6 9. Be2 Nc6 10. O-O e5 11. Rc1 Qe7 12. e4 d4 13. cxd4 exd4 14. a3 a5 15. Bc4 Bg7 16. Re1 a4 17. Bd5 Ra5 18. Nc4 Rxc5 19. Bxc6 bxc6 20. Qxa4 Bg4 21. Nfd2 Rh5 22. Qxc6 Qh4 23. Nf1 Rc8 24. Qd6 Rhc5 25. b3 Be5 26. Qa6 Bb8 27. b4 Rh5 28. e5 Re8 29. Qb7 d3 30. Ncd2 Be2 31. Rc8 Rxc8 32. Qxc8+ Kg7 33. Qxb8 Qg5 34. Qd6 1-0


[Site "https://www.chess.com"]

[Event "Titled Tuesday Blitz November 15 Early 2022"]
[White "Levitan, Caleb Levi"]
[Black "Golubev, Mikhail"]
[WhiteFideId "14332620"]
[BlackFideId "14100983"]
[WhiteElo "1963"]
[BlackElo "2374"]
[Result "0-1"]
[Round "09"]
[TimeControl "180+1"]
[Date "2022.11.16"]
[WhiteClock "0:00:07"]
[BlackClock "0:00:06"]

1. e4 c5 2. Nf3 d6 3. d4 cxd4 4. Nxd4 Nf6 5. Nc3 Nc6 6. Bc4 e6 7. Bb3 a6 8. Be3 Qc7 9. f3 Na5 10. Qd2 Be7 11. g4 b5 12. O-O-O Nxb3+ 13. Nxb3 Bb7 14. Bf4 e5 15. Be3 b4 16. Na4 Nd7 17. Qxb4 a5 18. Qd2 Bc6 19. Nc3 a4 20. Na1 O-O 21. h4 Rfc8 22. h5 a3 23. b3 Nb6 24. g5 d5 25. Bxb6 Qxb6 26. Nxd5 Bxd5 27. exd5 Bb4 28. Qe2 Qc5 29. Rd3 Bc3 30. Kb1 Bxa1 31. Kxa1 Qxc2 32. Qxc2 Rxc2 33. d6 Rac8 34. Kb1 Rb2+ 35. Ka1 Rcc2 36. d7 Rxa2+ 37. Kb1 Rcb2+ 38. Kc1 Ra1# 0-1


[Site "https://www.chess.com"]

[Event "Titled Tuesday Blitz November 15 Early 2022"]
[White "Liu, Xiangyi"]
[Black "Lauridsen, Jesper Morch"]
[WhiteFideId "8605718"]
[BlackFideId "1401890"]
[WhiteElo "2323"]
[BlackElo "2219"]
[Result "1-0"]
[Round "09"]
[TimeControl "180+1"]
[Date "2022.11.16"]
[WhiteClock "0:00:46"]
[BlackClock "0:00:45"]

1. e4 e5 2. Nf3 Nf6 3. d4 Nxe4 4. Bd3 d5 5. dxe5 Nc5 6. Be2 Be7 7. Nc3 c6 8. O-O O-O 9. Nd4 a5 10. f4 a4 11. Kh1 a3 12. f5 axb2 13. Bxb2 Bg5 14. Bg4 Na4 15. Nxa4 Rxa4 16. f6 g6 17. e6 Bxf6 18. Nxc6 Nxc6 19. Bxf6 Qc7 20. c3 Bxe6 21. Bxe6 fxe6 22. Qxa4 e5 23. Qb3 Qd6 24. Bg5 Re8 25. Qxb7 e4 26. Qf7+ 1-0


[Site "https://www.chess.com"]

[Event "Titled Tuesday Blitz November 15 Early 2022"]
[White "Madaminov, Mukhiddin"]
[Black "Harshavardhan G B"]
[WhiteFideId "14210703"]
[BlackFideId "25059009"]
[WhiteElo "2341"]
[BlackElo "2333"]
[Result "1-0"]
[Round "09"]
[TimeControl "180+1"]
[Date "2022.11.15"]
[WhiteClock "0:00:05"]
[BlackClock "0:00:04"]

1. d4 d5 2. Nc3 Nf6 3. Bf4 c5 4. e4 Nxe4 5. Nxe4 dxe4 6. dxc5 Qa5+ 7. c3 Qxc5 8. Qa4+ Nc6 9. Qxe4 Bf5 10. Qa4 Rd8 11. Nf3 Qd5 12. Bc4 Qe4+ 13. Be3 a6 14. Bxf7+ Kd7 15. Qxe4 Bxe4 16. Bb6 Bxf3 17. gxf3 e6 18. Rd1+ Ke7 19. Bxd8+ Nxd8 20. Bh5 g6 21. Bg4 Nc6 22. Ke2 h5 23. Bh3 Bh6 24. Rhg1 Ne5 25. Rd4 Rf8 26. Bg2 Bf4 27. h3 g5 28. Rgd1 h4 29. Bf1 Rc8 30. Rb1 Nc6 31. Rc4 b5 32. Re4 Ne5 33. a4 Rb8 34. axb5 axb5 35. Ra1 Rd8 36. Rd4 Rc8 37. Ra7+ Kf6 38. Ra5 Nc6 39. Rxf4+ gxf4 40. Rxb5 Ne5 41. Rb4 Kf5 42. Kd1 Rd8+ 43. Kc2 Nxf3 44. Bd3+ Kg5 45. Rb5+ Kf6 46. Be4 Rd2+ 47. Kc1 Rxf2 48. Rh5 Ng5 49. Bb7 e5 50. Rh6+ Kg7 51. Rxh4 e4 52. Rg4 Kf6 53. h4 e3 54. hxg5+ Kf5 55. Bc8+ Kg6 56. Ba6 f3 57. Re4 e2 58. Bxe2 fxe2 59. Kd2 e1=Q+ 60. Kxe1 Rxb2 61. Re5 Rc2 62. Rc5 Rh2 63. Kd1 Rg2 64. Kc1 Rf2 65. Rd5 Rg2 66. c4 Rh2 67. Rd2 Rh4 68. Rc2 Kxg5 69. Kb2 Kf6 70. Kb3 Ke6 71. Rd2 Rh8 72. c5 Rh1 73. Kc4 Rb1 74. c6 Ke7 75. Kc5 Rc1+ 76. Kb6 Rb1+ 77. Kc7 Rb3 78. Kc8 Rb4 79. c7 Rb1 80. Re2+ Kf7 81. Re4 Rd1 82. Kb7 Rb1+ 83. Kc6 Rc1+ 84. Kd6 Rd1+ 85. Kc5 Rd7 86. c8=Q 1-0


[Site "https://www.chess.com"]

[Event "Titled Tuesday Blitz November 15 Early 2022"]
[White "Maksimovic, Bojan"]
[Black "Sarana, Alexey"]
[WhiteFideId "14408120"]
[BlackFideId "24133795"]
[WhiteElo "2447"]
[BlackElo "2708"]
[Result "0-1"]
[Round "09"]
[TimeControl "180+1"]
[Date "2022.11.15"]
[WhiteClock "0:01:29"]
[BlackClock "0:02:39"]

1. e4 c5 2. Nf3 d6 3. d4 Nf6 4. Nc3 cxd4 5. Nxd4 a6 6. Be2 e5 7. Nb3 Be7 8. Be3 Be6 9. O-O Nbd7 10. Bf3 O-O 11. a4 Qb8 12. Qd3 Rc8 13. h3 Bc4 14. Qd2 Bxf1 15. Rxf1 b5 16. a5 Qc7 17. g4 b4 0-1


[Site "https://www.chess.com"]

[Event "Titled Tuesday Blitz November 15 Early 2022"]
[White "Malka, Samuel"]
[Black "Rosenberg, Evan S"]
[WhiteFideId "20643675"]
[BlackFideId "2019299"]
[WhiteElo "2469"]
[BlackElo "2390"]
[Result "1-0"]
[Round "09"]
[TimeControl "180+1"]
[Date "2022.11.16"]
[WhiteClock "0:00:26"]
[BlackClock "0:00:02"]

1. d4 d5 2. c4 e6 3. Nf3 c5 4. cxd5 exd5 5. g3 Nf6 6. Bg2 Be7 7. O-O Nc6 8. dxc5 Bxc5 9. a3 O-O 10. b4 Bb6 11. Bb2 Be6 12. Nc3 a6 13. Na4 Ba7 14. Rc1 Ne4 15. e3 Re8 16. Nd4 Nxd4 17. Bxd4 b5 18. Bxa7 Rxa7 19. Nc5 Nxc5 20. Rxc5 d4 21. exd4 Bc4 22. Re1 Rae7 23. Rxe7 Rxe7 24. h4 h6 25. Qg4 Re1+ 26. Kh2 Be6 27. Qf4 g5 28. hxg5 hxg5 29. Rxg5+ Kf8 30. d5 Bc8 31. Rh5 Ke7 32. Rh7 Qg8 33. Qc7+ Bd7 34. Rh4 Qg5 35. Qc5+ Kd8 36. Qb6+ Ke7 37. d6+ Kf8 38. Qd4 Be6 39. Rh8+ Qg8 40. Rxg8+ Kxg8 41. d7 1-0


[Site "https://www.chess.com"]

[Event "Titled Tuesday Blitz November 15 Early 2022"]
[White "Manelyuk, Daniil"]
[Black "Leiva, Gianmarco"]
[WhiteFideId "44173920"]
[BlackFideId "3804399"]
[WhiteElo "2209"]
[BlackElo "2286"]
[Result "1-0"]
[Round "09"]
[TimeControl "180+1"]
[Date "2022.11.16"]
[WhiteClock "0:00:10"]
[BlackClock "0:00:22"]

1. e4 c5 2. Nf3 d6 3. d4 cxd4 4. Nxd4 Nf6 5. Nc3 a6 6. f3 e5 7. Nb3 Be7 8. Be3 Be6 9. Qd2 h5 10. Nd5 Nxd5 11. exd5 Bf5 12. Be2 Bh4+ 13. g3 Bf6 14. Na5 Qc7 15. Rc1 O-O 16. O-O h4 17. g4 Bg6 18. c4 b6 19. Nb3 Nd7 20. g5 Be7 21. f4 exf4 22. Bxf4 Rfe8 23. Nd4 Bf8 24. Nc6 Ne5 25. Nxe5 dxe5 26. Be3 a5 27. Bg4 Bc5 28. Bf5 Bh5 29. Be4 Bxe3+ 30. Qxe3 Qc5 31. Rfe1 Rac8 32. Kg2 Bg4 33. h3 Bd7 34. Qf2 Qxf2+ 35. Kxf2 f5 36. gxf6 gxf6 37. Rg1+ Kf8 38. Ke3 Ke7 39. Rg7+ Kd6 40. b3 Rg8 41. Rcg1 Rxg7 42. Rxg7 Bxh3 43. Rh7 Rg8 44. Rxh4 Rg3+ 45. Kf2 Rc3 46. Rh6 Kc5 47. Rxf6 Kd4 48. Bg6 Bg4 49. d6 e4 50. Rf4 Rf3+ 51. Rxf3 exf3 52. Be8 Kc3 53. d7 Bxd7 54. Bxd7 Kb2 55. Kxf3 Kxa2 56. Ba4 Ka3 57. Ke4 b5 58. cxb5 1-0


[Site "https://www.chess.com"]

[Event "Titled Tuesday Blitz November 15 Early 2022"]
[White "Manon-og, Ramon Jr."]
[Black "Avazkhonov, Alikhon"]
[WhiteFideId "5200776"]
[BlackFideId "14208504"]
[WhiteElo "2306"]
[BlackElo "1739"]
[Result "0-1"]
[Round "09"]
[TimeControl "180+1"]
[Date "2022.11.16"]
[WhiteClock "0:00:09"]
[BlackClock "0:00:47"]

1. e4 c5 2. Nf3 d6 3. Bb5+ Nd7 4. a4 a6 5. Bc4 Ngf6 6. Nc3 e6 7. O-O Be7 8. d4 cxd4 9. Nxd4 Qc7 10. Bxe6 fxe6 11. Nxe6 Qc4 12. Nxg7+ Kf7 13. Nf5 Ne5 14. Nxd6+ Bxd6 15. Qxd6 Nf3+ 16. gxf3 Rg8+ 17. Qg3 Rxg3+ 18. hxg3 Bh3 19. Rd1 Qe6 20. Bf4 Rg8 21. Rd6 Qe8 22. Rad1 Nh5 23. Be3 Nxg3 24. fxg3 Rxg3+ 25. Kh2 Qg8 26. Bf4 Rxf3 27. Rd7+ Bxd7 28. Rxd7+ Ke8 29. Nd5 Rf2+ 30. Kh3 Qg2+ 31. Kh4 Kxd7 32. Nf6+ Ke6 0-1


[Site "https://www.chess.com"]

[Event "Titled Tuesday Blitz November 15 Early 2022"]
[White "Manukyan, Sargis A."]
[Black "Averjanov, Alexey"]
[WhiteFideId "13303970"]
[BlackFideId "14109867"]
[WhiteElo "2187"]
[BlackElo "2626"]
[Result "1-0"]
[Round "09"]
[TimeControl "180+1"]
[Date "2022.11.16"]
[WhiteClock "0:01:35"]
[BlackClock "0:02:34"]

1. d4 d5 2. c4 dxc4 3. e3 Nf6 4. Bxc4 e6 5. Nf3 a6 6. O-O b5 7. Bd3 Bb7 8. a4 b4 9. Nbd2 Nbd7 10. a5 c5 11. Nc4 Qc7 12. Re1 Be7 13. e4 cxd4 14. e5 Nd5 15. Bg5 O-O 16. Bxe7 Nxe7 17. Bxh7+ Kxh7 18. Ng5+ Kg6 19. Qg4 Qxc4 20. Nxe6+ Kh6 21. Qxg7+ Kh5 22. Qg5# 1-0


[Site "https://www.chess.com"]

[Event "Titled Tuesday Blitz November 15 Early 2022"]
[White "Marcolino, Daniel Mattos"]
[Black "Clawitter, Craig"]
[WhiteFideId "2106841"]
[BlackFideId "2023105"]
[WhiteElo "2111"]
[BlackElo "2201"]
[Result "1/2-1/2"]
[Round "09"]
[TimeControl "180+1"]
[Date "2022.11.16"]
[WhiteClock "0:00:05"]
[BlackClock "0:00:08"]

1. d4 e6 2. Nf3 Nf6 3. g3 d5 4. Bg2 Be7 5. O-O O-O 6. c4 dxc4 7. Qc2 a6 8. a4 Bd7 9. Qxc4 Bc6 10. Bg5 Nbd7 11. Nc3 Nb6 12. Qd3 Nbd5 13. Nxd5 Nxd5 14. Bxe7 Nxe7 15. e4 a5 16. Ne5 Be8 17. Rfd1 Ng6 18. Nc4 c6 19. e5 Ra6 20. Nd6 Qb8 21. Ra3 b5 22. axb5 cxb5 23. Rda1 a4 24. b3 Bc6 25. Bxc6 Rxc6 26. bxa4 bxa4 27. Rxa4 f6 28. f4 fxe5 29. dxe5 Qb2 30. R4a2 Nxe5 31. fxe5 Qxe5 32. Ne4 Rc4 33. Nf2 Rd4 34. Qb3 Qd5 35. Qxd5 exd5 36. Ra8 Rd2 37. Rxf8+ Kxf8 38. Nh3 Ke7 39. Nf4 Kd6 40. h4 d4 41. Ra7 d3 42. Rxg7 Ke5 43. Re7+ Kf5 44. Rd7 Ke4 45. Rxd3 Rxd3 46. Nxd3 Kxd3 47. Kg2 Ke3 48. Kh3 Kf3 49. h5 h6 50. Kh4 Ke4 51. Kg4 Ke5 52. Kf3 Kf5 53. g4+ Kg5 54. Kg3 Kf6 55. Kf4 Ke6 56. g5 hxg5+ 57. Kxg5 Kf7 58. Kh6 Kg8 59. Kg6 Kh8 60. h6 Kg8 61. h7+ Kh8 62. Kh6 1/2-1/2


[Site "https://www.chess.com"]

[Event "Titled Tuesday Blitz November 15 Early 2022"]
[White "Melikhov, Evgeny V."]
[Black "Biastoch, Bennet"]
[WhiteFideId "4122046"]
[BlackFideId "12939889"]
[WhiteElo "2169"]
[BlackElo "2221"]
[Result "0-1"]
[Round "09"]
[TimeControl "180+1"]
[Date "2022.11.16"]
[WhiteClock "0:02:07"]
[BlackClock "0:02:20"]

1. d4 Nf6 2. c4 g6 3. Nc3 Bg7 4. e4 O-O 5. Be3 d6 6. f3 Nc6 7. Nge2 e5 8. d5 Ne7 9. g4 c6 10. Ng3 cxd5 11. cxd5 Ne8 12. h4 f5 13. gxf5 gxf5 14. Bg5 Nf6 15. Bh3 h6 0-1


[Site "https://www.chess.com"]

[Event "Titled Tuesday Blitz November 15 Early 2022"]
[White "Mendonca, Mateus Nakajo"]
[Black "Korelskiy, Egor"]
[WhiteFideId "2110954"]
[BlackFideId "34329064"]
[WhiteElo "2310"]
[BlackElo "2043"]
[Result "1-0"]
[Round "09"]
[TimeControl "180+1"]
[Date "2022.11.16"]
[WhiteClock "0:00:10"]
[BlackClock "0:00:13"]

1. d4 d5 2. c4 e6 3. Nf3 c6 4. e3 f5 5. Nc3 Nf6 6. Qc2 Bd6 7. Be2 O-O 8. Bd2 Ne4 9. O-O Nd7 10. a3 Qf6 11. b4 Qh6 12. h3 g6 13. Nxe4 fxe4 14. Nh2 Qg7 15. f4 exf3 16. Nxf3 Nf6 17. Bd3 Bd7 18. e4 dxe4 19. Bxe4 Rad8 20. Bc3 Nxe4 21. Qxe4 c5 22. bxc5 Bxc5 23. Ne5 Bb6 24. c5 Bc7 25. Rxf8+ Rxf8 26. Qxb7 Bxe5 27. dxe5 Qf7 28. Kh1 Rc8 29. Bd4 Qe8 30. Bg1 Bc6 31. Qxa7 Qf8 32. Qa6 Bd5 33. Rf1 Qd8 34. Qd6 Qh4 35. Kh2 Qe4 36. Rf2 Qh4 37. Qd7 Rf8 38. Rxf8+ Kxf8 39. c6 Qf4+ 40. Kh1 Qg3 41. Bc5+ Kg8 42. Qe8+ Kg7 43. Qf8# 1-0


[Site "https://www.chess.com"]

[Event "Titled Tuesday Blitz November 15 Early 2022"]
[White "Mika, Tomasz"]
[Black "Matveeva, Olga"]
[WhiteFideId "1132970"]
[BlackFideId "24107018"]
[WhiteElo "2126"]
[BlackElo "2055"]
[Result "1-0"]
[Round "09"]
[TimeControl "180+1"]
[Date "2022.11.16"]
[WhiteClock "0:00:47"]
[BlackClock "0:00:09"]

1. Nf3 Nf6 2. c4 e6 3. g3 c5 4. Bg2 Nc6 5. Nc3 Be7 6. d4 cxd4 7. Nxd4 O-O 8. O-O d5 9. cxd5 Nxd5 10. Nxd5 exd5 11. Be3 Be6 12. Nxe6 fxe6 13. Rc1 Rc8 14. b3 Kh8 15. Qd2 Bf6 16. Bc5 Re8 17. e4 d4 18. f4 e5 19. f5 Bg5 20. Qe2 Be3+ 21. Kh1 Bxc1 22. Rxc1 b6 23. Ba3 d3 24. Qh5 Nd4 25. Rd1 Nc2 26. Bc1 Qd4 27. f6 gxf6 28. Qh6 Rf8 29. Rf1 Qd6 30. Bg5 Rc6 31. Bh3 Nd4 32. Bd7 Rcc8 33. Bxc8 Ne2 34. Bg4 Nd4 35. Bxf6+ Rxf6 36. Qxf6+ Qxf6 37. Rxf6 d2 38. Rf2 Ne2 39. Bxe2 1-0


[Site "https://www.chess.com"]

[Event "Titled Tuesday Blitz November 15 Early 2022"]
[White "Minko, Dmitry"]
[Black "Izuzquiza Gonzalez, Javier"]
[WhiteFideId "24188468"]
[BlackFideId "3101029"]
[WhiteElo "2147"]
[BlackElo "2034"]
[Result "1-0"]
[Round "09"]
[TimeControl "180+1"]
[Date "2022.11.16"]
[WhiteClock "0:00:06"]
[BlackClock "0:00:11"]

1. e4 c5 2. Nf3 e6 3. d4 cxd4 4. Nxd4 a6 5. Bd3 Nf6 6. c4 Qc7 7. Nd2 Nc6 8. Nxc6 dxc6 9. O-O e5 10. Qc2 Be7 11. c5 Be6 12. b4 O-O 13. Bb2 Rfd8 14. Rfd1 Rd7 15. Bc4 Bg4 16. f3 Bh5 17. Bb3 Rad8 18. Nc4 Bg6 19. Bxe5 Rxd1+ 20. Rxd1 Qc8 21. Nb6 Rxd1+ 22. Qxd1 Qe8 23. Bd6 Bd8 24. Nc4 h5 25. Bf4 h4 26. Nd6 Qd7 27. Nxb7 Qxb7 28. Qxd8+ Kh7 29. Qd2 Nh5 30. Bd6 Qd7 31. a3 h3 32. g3 Nf6 33. Qg5 Kg8 34. Qh4 Ne8 35. Qg4 Qd8 36. Qxg6 Nxd6 37. cxd6 Qd7 38. Qxf7+ Qxf7 39. Bxf7+ Kxf7 40. e5 Ke6 41. f4 g6 42. Kf2 c5 43. bxc5 1-0


[Site "https://www.chess.com"]

[Event "Titled Tuesday Blitz November 15 Early 2022"]
[White "Mohamed Anees M"]
[Black "Injac, Teodora"]
[WhiteFideId "35065815"]
[BlackFideId "932400"]
[WhiteElo "2135"]
[BlackElo "2286"]
[Result "1-0"]
[Round "09"]
[TimeControl "180+1"]
[Date "2022.11.16"]
[WhiteClock "0:00:31"]
[BlackClock "0:00:41"]

1. e4 c5 2. Nf3 d6 3. d4 cxd4 4. Nxd4 Nf6 5. Nc3 a6 6. Bg5 e6 7. f4 Be7 8. Qf3 h6 9. Bh4 Qc7 10. O-O-O Nbd7 11. Qg3 Nh5 12. Qg4 Bxh4 13. Qxh5 Qd8 14. Nxe6 g6 15. Nc7+ Kf8 16. Qa5 Bf2 17. N3d5 Nb6 18. Nxa8 Be6 19. Naxb6 Bxd5 20. Qc3 1-0


[Site "https://www.chess.com"]

[Event "Titled Tuesday Blitz November 15 Early 2022"]
[White "Mrudul Dehankar"]
[Black "Gerbelli Neto, Eduardo"]
[WhiteFideId "25096990"]
[BlackFideId "2103281"]
[WhiteElo "2068"]
[BlackElo "2178"]
[Result "0-1"]
[Round "09"]
[TimeControl "180+1"]
[Date "2022.11.16"]
[WhiteClock "0:00:02"]
[BlackClock "0:00:10"]

1. e4 e5 2. Nf3 Nc6 3. Bb5 a6 4. Ba4 d6 5. O-O Bg4 6. c3 Qf6 7. Bxc6+ bxc6 8. d4 exd4 9. Qa4 Bd7 10. cxd4 c5 11. Qb3 cxd4 12. Bg5 Qg6 13. Qb7 Rc8 14. Qxa6 Be7 15. Bxe7 Nxe7 16. Nxd4 Bh3 17. Qa4+ c6 18. g3 Bxf1 19. Kxf1 Qxe4 20. Kg1 Qe1+ 21. Kg2 O-O 22. Nc2 Qc1 23. Nba3 Qxb2 24. Nc4 Qc3 25. N4e3 Ra8 26. Qh4 Ng6 27. Qg5 Rfe8 28. Rd1 Rxa2 29. Nd4 Qxe3 30. Qxe3 Rxe3 31. Nxc6 Ree2 32. Rxd6 Rxf2+ 33. Kg1 h5 0-1


[Site "https://www.chess.com"]